 Dungeon Crawl Stone Soup version 0.17.1-2-g5865329 (webtiles) character file.

92 Chiseanne the Skirmisher (level 4, 0/38 HPs)
             Began as a Centaur Air Elementalist on Jan 19, 2016.
             Slain by a worker ant (6 damage)
             ... on level 4 of the Dungeon.
             The game lasted 00:06:40 (3959 turns).

Chiseanne the Skirmisher (Centaur Air Elementalist) Turns: 3959, Time: 00:06:40

Health: 0/38       AC:  7    Str: 10    XL:     4   Next: 35%
Magic:  6/6        EV:  6    Int: 15    God:
Gold:   183        SH:  0    Dex: 10    Spells: 1 memorised, 5 levels left

rFire  . . .     SeeInvis .     j - +0 short sword
rCold  . . .     Clarity  .     k - +1 scale mail
rNeg   . . .     SustAt   .     (no shield)
rPois  .         Gourm    .     (no helmet)
rElec  .         Spirit   .     (no cloak)
rCorr  .         Warding  .     (no gloves)
rMut   .         Stasis   .     (no barding)
MR     .....                    (no amulet)
Stlth  ..........               (no ring)
                                (no ring)

@: lethally poisoned (0 -> -12), very quick, not resistant to hostile
enchantments, extremely unstealthy
A: hooves 3, deformed body, speed 2, tough skin 3
a: no special abilities


You were on level 4 of the Dungeon.
You were very hungry.

You visited 1 branch of the dungeon, and saw 4 of its levels.

You collected 183 gold pieces.

Inventory:

Hand Weapons
 j - a +0 short sword (weapon)
Missiles
 d - 59 arrows
 o - 16 arrows of flame
 t - 5 curare-tipped needles
Armour
 k - a +1 scale mail (worn)
Scrolls
 e - a scroll of enchant armour
 f - a scroll of teleportation
 i - 2 scrolls of remove curse
 r - a scroll of random uselessness {unknown}
Potions
 a - 2 potions of lignification
 h - a potion of degeneration {unknown}
 l - a potion of might
 m - a potion of magic {unknown}
 n - a potion of heal wounds {unknown}
 p - a potion of poison {unknown}
 s - a potion of resistance {unknown}
Books
 b - a book of Air

   Spells                             Type                      Level
   a - Shock                          Conjuration/Air              1
   b - Swiftness                      Charms/Air                   2
   c - Repel Missiles                 Charms/Air                   2
   d - Static Discharge               Conjuration/Air              3
   e - Lightning Bolt                 Conjuration/Air              5
Comestibles
 c - a bread ration
 g - a slice of pizza
 q - a meat ration


   Skills:
 * Level 3.3 Fighting
 * Level 1.4 Armour
 - Level 1.3 Dodging
 - Level 1.2 Stealth
 - Level 1.5 Spellcasting
 - Level 0.8 Conjurations
 - Level 2.6 Air Magic


You had 5 spell levels left.
You knew the following spells:

 Your Spells              Type           Power        Failure   Level  Hunger
a - Shock                 Conj/Air       #...         80%         1    ##.....


Dungeon Overview and Level Annotations

Branches:
Dungeon (4/15)
 Temple: D:4-7

Altars:
Ashenzari
Kikubaaqudgha


Innate Abilities, Weirdness & Mutations

You have hooves in place of feet.
Armour fits poorly on your strangely shaped body.
You cover ground very quickly.
You have extremely tough skin (AC +3).


Message History

The worker ant is lightly wounded.
* * * LOW HITPOINT WARNING * * *
You feel sick.
The worker ant bites you but does no damage.
You hit the worker ant.
You kick the worker ant, but do no damage.
The worker ant is moderately wounded.
* * * LOW HITPOINT WARNING * * *
You feel sick. The worker ant closely misses you.
You closely miss the worker ant.
The worker ant is moderately wounded.
* * * LOW HITPOINT WARNING * * *
You feel sick.
The worker ant bites you but does no damage. x2
You hit the worker ant but do no damage.
You kick the worker ant, but do no damage.
The worker ant is moderately wounded.
* * * LOW HITPOINT WARNING * * *
You feel sick. The worker ant bites you.
You die...

###########
#..@a......
#.#######..
#.# # #.#
#####..#.
#.#
#........
#.# #<#
#.###.###...
#.........#
########.##


You could see a worker ant.

Vanquished Creatures
  3 adders
  An ooze (D:1)
  3 worms
  A giant gecko (D:1)
  An orc (D:2)
  6 bats
  4 giant cockroaches
  6 goblins
  7 hobgoblins
  4 kobolds
  2 quokkas (D:3)
  2 giant newts
  3 jackals (D:1)
  4 rats
47 creatures vanquished.

Notes
Turn   | Place    | Note
--------------------------------------------------------------
     0 | D:1      | Chiseanne the Centaur Air Elementalist began the quest for the Orb.
     0 | D:1      | Reached XP level 1. HP: 14/14 MP: 3/3
   285 | D:1      | Reached skill level 1 in Fighting
   302 | D:1      | Reached XP level 2. HP: 12/24 MP: 4/4
  1223 | D:2      | Reached XP level 3. HP: 24/30 MP: 5/5
  1341 | D:2      | Found an ancient bone altar of Kikubaaqudgha.
  2173 | D:3      | Reached skill level 1 in Armour
  2379 | D:3      | HP: 1/30 [gnoll/spear (4)]
  2726 | D:3      | Reached skill level 3 in Fighting
  2726 | D:3      | Reached XP level 4. HP: 24/38 MP: 6/6
  2900 | D:3      | Found a shattered altar of Ashenzari.
  3959 | D:4      | Slain by a worker ant

Action                   |  1- 3 |  4- 6 || total
-------------------------+-------+-------++-------
Melee: Club              |    26 |       ||    26
       Unarmed           |     7 |       ||     7
       Short sword       |   138 |    91 ||   229
  Use: Scroll            |     6 |       ||     6
  Eat: Chunk             |     4 |     3 ||     7
